 Dungeon Crawl Stone Soup version 0.28-a0-1412-gf95308ed99 (webtiles) character file.

Game seed: 4467726375991506812

4 Cheeritup the Caller (level 1, -1/10 HPs)
             Began as a Tengu Summoner on Jan 6, 2022.
             Slain by a rat (2 damage)
             ... on level 1 of the Dungeon.
             The game lasted 00:02:10 (270 turns).

Cheeritup the Caller (Tengu Summoner)                Turns: 270, Time: 00:02:10

Health: -1/10      AC:  3    Str:  8    XL:     1   Next: 70%
Magic:  4/4        EV: 12    Int: 15    God:
Gold:   24         SH:  0    Dex: 14    Spells: 3/4 levels left

rFire   . . .      SeeInvis .   c - staff of conjuration
rCold   . . .      Faith    .   (no shield)
rNeg    . . .      Spirit   .   a - +1 robe
rPois   .          Reflect  .   (helmet restricted)
rElec   .          Harm     .   (no cloak)
rCorr   .          Rampage  .   (no gloves)
Will    .....                   (boots unavailable)
Stlth   ++........              (no amulet)
HPRegen 0.03/turn               (no ring)
MPRegen 0.09/turn               (no ring)

@: no status effects
A: beak, talons 3
a: no special abilities


You were on level 1 of the Dungeon.
You visited 1 branch of the dungeon, and saw 1 of its levels.

You collected 24 gold pieces.

Inventory:

Armour
 a - a +1 robe (worn)
Magical Staves
 c - a staff of conjuration (weapon)


   Skills:
 - Level 2.1 Dodging
 - Level 2.0 Stealth
 - Level 2.0 Spellcasting
 + Level 5.1 Summonings


You had 3 spell levels left.
You knew the following spells:

 Your Spells              Type           Power      Damage    Failure   Level
a - Summon Small Mammal   Summ           68%        N/A       2%          1

Your spell library contained the following spells:

 Spells                   Type           Power      Damage    Failure   Level
 Call Imp                 Summ           17%        N/A       4%          2
 Call Canine Familiar     Summ           17%        N/A       8%          3
 Summon Guardian Golem    Hex/Summ       9%         N/A       22%         3
 Summon Lightning Spire   Summ/Air       9%         N/A       58%         4


Dungeon Overview and Level Annotations

Branches:
Dungeon (1/15)

Altars:


Innate Abilities, Weirdness & Mutations

You have a beak for a mouth.
You have claws for feet.


Message History

The goblin is moderately wounded.
A rat comes into view.
The goblin hits you with a +0 club.
You barely miss the goblin. Your peck misses the goblin.
The goblin is moderately wounded.
The goblin closely misses you. x2
A giant cockroach comes into view.
Casting: Summon Small Mammal (safe; 2% risk of failure)
Press: ? - help, Q - select action Dir - look around, f - activate The goblin hits you with a +0 club.
* * * LOW HITPOINT WARNING * * *
Found 15 gold pieces.
Your quokka bites the goblin.
The goblin misses your quokka. 2 frilled lizards and a goblin come into view.
Your quokka bites the goblin.
The goblin dies!
As you read the scroll labelled MUSIRUUMOI, it crumbles to dust.
It is a scroll of enchant armour.
Your +0 robe glows green for a moment.
The frilled lizard hisses angrily.
The dart slug launches a dart at you.
The slug dart hits your quokka but does no damage.
Your quokka bites the dart slug.
The dart slug closely misses your quokka.
Your quokka completely misses the dart slug.
The frilled lizard hisses angrily.
You see here 15 gold pieces.
Your quokka bites the dart slug.
The goblin hits you with a +0 dagger.
* * * LOW HITPOINT WARNING * * *
The frilled lizard bites you but does no damage.
The giant cockroach closely misses you. The frilled lizard closely misses you.
The giant cockroach bites you but does no damage.
The giant cockroach closely misses you.
The frilled lizard bites you but does no damage.
Your quokka closely misses the rat.
The frilled lizard bites you.
* * * LOW HITPOINT WARNING * * *
Your quokka closely misses the goblin.
The rat bites you.
You die...

##############
#............# #...
#............#
#...##............#
#..B##............#
#...##.......r.l.l#
##..##$.......grB.#
....##..........@.#
#................#
##w..#............#
..)..#.############
#.####.. #.# ####
#.##########
............
...........(


You could see a giant cockroach, a goblin, 2 frilled lizards, a rat and a
friendly quokka (summoned).

Vanquished Creatures
  A dart slug (D:1)
  A ball python (D:1)
2 creatures vanquished.

Vanquished Creatures (collateral kills)
  A goblin (D:1)
1 creature vanquished.

Grand Total: 3 creatures vanquished

Notes
Turn   | Place    | Note
-------+----------+-------------------------------------------
     0 | D:1      | Cheeritup the Tengu Summoner began the quest for the Orb.
     0 | D:1      | Reached XP level 1. HP: 10/10 MP: 4/4
    54 | D:1      | Reached skill level 5 in Summonings
   270 | D:1      | Slain by a rat

Illustrated notes

Levels and vault maps discovered:
D:1:      nicolae_arrival_memento_mori, layout_basic

Skill      XL: |  1 |
---------------+----+-----
Summonings     | 5 |  5.1
Dodging        | |  2.1
Stealth        | |  2.0
Spellcasting   | |  2.0

Action                   || total
-------------------------++-------
Melee: Unarmed           ||    10
       Staff             ||     3
       Kick              ||     3
       Peck              ||     1
 Cast: Summon Small Mamm ||     1
  Use: Scroll            ||     1
Armor: Robe              ||     4
Dodge: Dodged            ||     9

Table legend: (Time is in decaauts)
 A = Elapsed time spent in this place.
 B = Non-inter-level travel time spent in this place.
 C = Inter-level travel time spent in this place.
 D = Time resting spent in this place.
 E = Time spent auto-exploring this place.
 F = Levels seen in this place.
 G = Mean time per level.
                   A        B        C        D        E       F      G
               +--------+--------+--------+--------+--------+-----+--------+
         Total |    270 |    270 |      0 |    175 |     11 |   1 |  270.0 |
       Dungeon |    270 |    270 |      0 |    175 |     11 |   1 |  270.0 |
               +--------+--------+--------+--------+--------+-----+--------+

Top non-repeatable levels by time:
     D:1: 270 daAuts
